 Dungeon Crawl Stone Soup version 0.25-a0-44-g29a1220a87 (webtiles) character file.

Game seed: 10746766608170266751, levelgen mode: deterministic

286506 Allar the Warrior (level 19, -22/187 HPs)
             Began as a Minotaur Fighter on Oct 22, 2019.
             Was a Follower of Uskayaw.
             Annihilated by a tengu reaver
             ... wielding a +2 broad axe of pain
              (32 damage)
             ... on level 2 of the Vaults on Feb 12, 2020.
             The game lasted 05:10:07 (51622 turns).

Allar the Warrior (Minotaur Fighter)               Turns: 51622, Time: 05:10:08

Health: -22/187    AC:  2    Str: 22    XL:     19   Next: 83%
Magic:  26/26      EV: 16    Int:  5    God:    Uskayaw [*.....]
Gold:   2731       SH:  0    Dex: 13    Spells: 18/18 levels left

rFire    . . .     SeeInvis +   a - +1 war axe (elec)
rCold    . . .     Gourm    .   (no shield)
rNeg     + . .     Faith    +   (no armour)
rPois    +         Spirit   .   f - +2 hat {SInv}
rElec    +         Reflect  .   (no cloak)
rCorr    +         Harm     .   (no gloves)
MR       ++...                  (no boots)
Stlth    +.........             N - amulet of faith {!P}
HPRegen  0.41/turn              O - ring "Oppempal" {rElec rPois rN+ MR+ Int-4}
MPRegen  0.20/turn              Y - ring of resist corrosion

@: marked
A: retaliatory headbutt, horns 2
}: 2/15 runes: barnacled, gossamer
a: Stomp, Renounce Religion


You were on level 2 of the Vaults.
You worshipped Uskayaw.
Uskayaw was aware of your devotion.
You were near starving.

You visited 7 branches of the dungeon, and saw 34 of its levels.
You also visited: Sewer, Bailey and Ice Cave.

You collected 4080 gold pieces.
You spent 1349 gold pieces at shops.

Inventory:

Hand Weapons
 a - a +1 war axe of electrocution (weapon)
   (You took it off an orc knight on level 2 of the Orcish Mines)
 b - a +1 hand axe of flaming
   (You took it off a big kobold on level 9 of the Dungeon)
Missiles
 o - 112 boomerangs (quivered)
 w - 10 throwing nets {!f}
 D - 31 boomerangs of dispersal {!f}
 I - 48 javelins
 R - 8 curare-tipped darts {!f}
Armour
 f - a +2 hat of see invisible (worn)
   (You found it on level 4 of the Dungeon)
 j - a scarf of resistance
   (You found it on level 4 of the Dungeon)
Jewellery
 c - a +5 ring of strength
   (You found it on level 4 of the Shoals)
 i - an uncursed ring of protection from fire
   (You found it on level 6 of the Lair of Beasts)
 l - an uncursed ring of protection from magic
   (You found it on level 4 of the Lair of Beasts)
 q - an uncursed amulet of the acrobat
   (You found it on level 3 of the Spider Nest)
 N - an amulet of faith (around neck) {!P}
   (You found it on level 3 of the Shoals)
 O - the ring "Oppempal" (left hand) {rElec rPois rN+ MR+ Int-4}
   (You bought it in a shop on level 9 of the Dungeon)

   [ring of positive energy]

   It affects your intelligence (-4).
   It insulates you from electricity.
   It protects you from poison.
   It protects you from negative energy.
   It affects your resistance to hostile enchantments.
 Y - a ring of resist corrosion (right hand)
   (You found it on level 2 of the Shoals)
Wands
 d - a wand of iceblast (14)
   (You found it on level 10 of the Dungeon)
 u - a wand of paralysis (11)
   (You found it on level 13 of the Dungeon)
 v - a wand of digging (3)
   (You found it on level 10 of the Dungeon)
 x - a wand of acid (13)
   (You found it on level 14 of the Dungeon)
 V - a wand of clouds (3)
   (You found it on level 2 of the Lair of Beasts)
Scrolls
 g - 2 scrolls of blinking
 h - 3 scrolls of fear
 k - 3 scrolls of silence
 m - 2 scrolls of enchant weapon
 n - 6 scrolls of immolation {!r}
 r - 3 scrolls of fog
 t - 4 scrolls of identify {@r1}
 y - a scroll of summoning
 z - 9 scrolls of magic mapping
 A - 22 scrolls of remove curse {@r2}
 U - 12 scrolls of teleportation {@r4}
Potions
 C - 7 potions of flight
 E - 5 potions of ambrosia
 F - a potion of invisibility
 G - 9 potions of heal wounds {@q2}
 M - a potion of might
 Q - 2 potions of cancellation
 T - 5 potions of agility
 W - 7 potions of haste {@q3}
 X - a potion of resistance
Miscellaneous
 p - a lamp of fire
   (You found it on level 3 of the Shoals)
 H - a lightning rod (4/4) {!a}
   (You found it on level 14 of the Dungeon)
 J - 2 phantom mirrors
 L - 2 sacks of spiders
 Z - a fan of gales
   (You found it on level 2 of the Lair of Beasts)
Comestibles
 e - 57 rations {!d}


   Skills:
 + Level 20.4 Fighting
 + Level 16.5 Axes
 + Level 12.8 Throwing
 + Level 10.5 Armour
 - Level 8.0 Dodging
   Level 19.1 Shields
 - Level 11.0 Invocations
 + Level 10.1 Evocations


You had 18 spell levels left.
You didn't know any spells.
Your spell library contained the following spells:

 Spells                   Type           Power        Failure   Level  Hunger
 Animate Skeleton         Necr           N/A          47%         1    ##.....
 Corona                   Hex            #......      47%         1    ##.....
 Flame Tongue             Conj/Fire      #....        47%         1    ##.....
 Magic Dart               Conj           #...         47%         1    ##.....
 Pain                     Necr           #...         47%         1    ##.....
 Corpse Rot               Necr           N/A          63%         2    ###....
 Ensorcelled Hibernation  Hex/Ice        #.....       63%         2    ###....
 Poisonous Vapours        Pois/Air       #.....       63%         2    ###....
 Sublimation of Blood     Necr           #.........   63%         2    ###....
 Throw Flame              Conj/Fire      #.....       63%         2    ###....
 Confuse                  Hex            #.......     85%         3    ####...
 Conjure Flame            Conj/Fire      #.......     85%         3    ####...
 Dazzling Spray           Conj/Hex       #.....       85%         3    ####...
 Gell's Gravitas          Tloc           #.........   85%         3    ####...
 Ignite Poison            Fire/Tmut/Pois #.......     85%         3    ####...
 Inner Flame              Hex/Fire       #.......     85%         3    ####...
 Mephitic Cloud           Conj/Pois/Air  #.......     85%         3    ####...
 Portal Projectile        Hex/Tloc       #.....       85%         3    ####...
 Regeneration             Chrm/Necr      #.........   85%         3    ####...
 Tukima's Dance           Hex            #.......     85%         3    ####...
 Vampiric Draining        Necr           #.........   85%         3    ####...
 Animate Dead             Necr           N/A          99%         4    #####..
 Cause Fear               Hex            #.........   99%         4    #####..
 Force Lance              Conj/Tloc      #.......     99%         4    #####..
 Iskenderun's Mystic Bla  Conj           #.......     99%         4    #####..
 Petrify                  Tmut/Erth      #.......     99%         4    #####..
 Sticky Flame             Conj/Fire      #.......     99%         4    #####..
 Summon Lightning Spire   Summ/Air       #.......     99%         4    #####..
 Agony                    Necr           #.......     100%        5    ######.
 Alistair's Intoxication  Tmut/Pois      #.......     100%        5    ######.
 Bolt of Draining         Conj/Necr      #.........   100%        5    ######.
 Borgnjor's Vile Clutch   Necr/Erth      #.........   100%        5    ######.
 Dispel Undead            Necr           #.......     100%        5    ######.
 Excruciating Wounds      Chrm/Necr      #.........   100%        5    ######.
 Fireball                 Conj/Fire      #.........   100%        5    ######.
 Irradiate                Conj/Tmut      #.........   100%        5    ######.
 Lightning Bolt           Conj/Air       #.........   100%        5    ######.
 Silence                  Hex/Air        #.........   100%        5    ######.
 Yara's Violent Unravell  Hex/Tmut       #.........   100%        5    ######.
 Bolt of Fire             Conj/Fire      #.........   100%        6    #######
 Conjure Ball Lightning   Conj/Air       #.........   100%        6    #######
 Darkness                 Hex            #.........   100%        6    #######
 Deflect Missiles         Chrm/Air       #.........   100%        6    #######
 Dispersal                Tloc           #.........   100%        6    #######
 Freezing Cloud           Conj/Ice/Air   #.........   100%        6    #######
 Hydra Form               Tmut           #.........   100%        6    #######
 Shadow Creatures         Summ           N/A          100%        6    #######
 Statue Form              Tmut/Erth      #........    100%        6    #######
 Dragon Form              Tmut           #.........   100%        7    #######
 Ring of Flames           Chrm/Fire      #.........   100%        7    #######
 Controlled Blink         Tloc           N/A          100%        8    #######
 Discord                  Hex            #.........   100%        8    #######
 Disjunction              Tloc           #.........   100%        8    #######
 Ignition                 Fire           #.........   100%        8    #######
 Dragon's Call            Summ           #.........   100%        9    #######
 Tornado                  Air            #.........   100%        9    #######


Dungeon Overview and Level Annotations

Branches:
Dungeon (15/15)            Temple (1/1) D:6            Lair (6/6) D:9
 Shoals (4/4) Lair:2       Spider (4/4) Lair:3        Slime (0/5) Lair:6
    Orc (2/2) D:12            Elf (0/3) Orc:2        Vaults (2/5) D:13
 Depths (0/5) D:15          Sewer (visited)          Bailey (visited)
  IceCv (visited)
  Crypt: Vaults:2-3

Altars:
Ashenzari
Cheibriados
Dithmenos
Elyvilon
Fedhas
Gozag
Hepliaklqana
Kikubaaqudgha
Makhleb
Nemelex Xobeh
Okawaru
Qazlal
Ru
Sif Muna
Trog
Uskayaw
Vehumet
Wu Jian
Xom
Yredelemnul
Zin
The Shining One
Lugonu

Shops:
D:4 *   D:6 *   D:9 **(   D:11 (   D:13 *   D:15 (   Orc:1 [   Orc:2 =!*[(
Shoals:1 *   Shoals:4 [   Vaults:1 *


Innate Abilities, Weirdness & Mutations

You reflexively headbutt those who attack you in melee.
You have a pair of horns on your head.


Message History

You start removing your armour.
You continue taking off your +5 gold dragon scales. x4
You finish taking off your +5 gold dragon scales.
You drop +5 gold dragon scales.
You stop training Shields.
You open the door.
A tengu reaver comes into view.
It is wielding a +2 broad axe of pain, wearing a +2 ring mail of fire resistance and wearing a +0 buckler of protection.
A vault sentinel comes into view. It is wielding a +0 falchion.
There is an open door here.
A stone giant comes into view.
The vault sentinel shouts!
The stone giant shouts!
An ettin and an ironbrand convoker come into view.
The ettin shouts in stereo!
The ironbrand convoker moves out of view.
The tengu reaver gestures wildly while chanting.
The tengu reaver conjures a globe of magical energy!
A battlesphere comes into view.
The vault sentinel casts a spell at you.
You barely resist. The stone giant hits you!
The tengu reaver gestures at you while chanting.
The bolt of magma hits you!!
The battlesphere fires!
The barrage of energy hits you!!
The vault sentinel casts a spell at you.
You barely resist. The stone giant hits you!!!
* * * LOW HITPOINT WARNING * * *
The vault sentinel gestures at you while chanting.
You barely resist. The stone giant completely misses you.
You furiously retaliate!
You headbutt the stone giant, but do no damage.
The tengu reaver hits you with a +2 broad axe of pain!!
* * * LOW HITPOINT WARNING * * *
You writhe in agony.
* * * LOW HITPOINT WARNING * * *
The tengu reaver pecks you.
* * * LOW HITPOINT WARNING * * *
The tengu reaver barely misses you.
The vault sentinel casts a spell at you.
A sentinel's mark forms upon you. The stone giant misses you.
The tengu reaver hits you with a +2 broad axe of pain.
* * * LOW HITPOINT WARNING * * *
You writhe in agony.
* * * LOW HITPOINT WARNING * * *
The tengu reaver pecks you but does no damage.
The tengu reaver barely misses you.
The vault sentinel casts a spell at you.
You barely resist. The stone giant hits you!!
* * * LOW HITPOINT WARNING * * *
The tengu reaver hits you with a +2 broad axe of pain!!
You die...

..........................
..........................
..........!.[.............
..........................
##+###############'#######
##.p.###*..##
##..#..#..#..##
#...##..Q##...#
....###@###....#
.###.##C##.###.#
..###.#.#.###..#
#..####.####..##
##.....⌠...p.##
#..####.####..#
..###C#.#.###..
.###.##.##.###.


You could see a stone giant, a tengu reaver, an ettin, a vault sentinel, an
ironbrand convoker and a battlesphere.

Vanquished Creatures
  Nikola (Shoals:2)
  A kraken (Shoals:2)
  Kirke (D:14)
  Roxanne (D:14)
  A deep elf sorcerer (Vaults:1)
  3 orc warlords
  5 ghost moths (Spider:4)
  9 emperor scorpions
  3 vault wardens (Vaults:1)
  A frost giant (Shoals:4)
  2 ironheart preservers (Vaults:1)
  A reaper (IceCv)
  A stone giant (Orc:2)
  5 entropy weavers
  A deep elf demonologist (Vaults:1)
  5 merfolk javelineers
  A deep elf death mage (Vaults:1)
  3 yaktaur captains (Vaults:1)
  6 merfolk impalers
  4 fire dragons
  An ogre mage (D:13)
  2 merfolk avatars (Shoals:4)
  Erica (Orc:1)
  2 death knights
  5 hydras
  6 merfolk aquamancers
  8 centaur warriors
  3 two-headed ogres
  3 alligator snapping turtles
  A queen ant (Lair:6)
  5 satyrs
  4 orc high priests (Orc:2)
  4 deep elf knights
  5 skeletal warriors
  A shadow wraith (Vaults:1)
  An unseen horror (shapeshifter) (D:14)
  11 sea snakes
  3 unseen horrors
  A glowing orange brain (D:15)
  A deep elf archer (Vaults:1)
  A wizard (Vaults:1)
  A lindwurm (shapeshifter) (D:14)
  6 ironbrand convokers (Vaults:1)
  9 orc knights
  22 harpies
  A phantasmal warrior (D:15)
  22 wolf spiders
  4 deep elf magi
  An orb spider (shapeshifter) (Vaults:1)
  15 orb spiders
  12 ugly things
  4 orc sorcerers
  4 oklob plants (Lair:2)
  9 cyclopes
  28 fauns
  3 moths of wrath (Spider:2)
  13 merfolk sirens
  9 manticores
  15 elephants
  6 vault sentinels (Vaults:1)
  2 black mambas
  2 water nymphs
  A guardian serpent (shapeshifter) (D:15)
  2 ice statues (IceCv)
  4 gargoyles
  7 komodo dragons
  6 torpor snails
  29 spiny frogs
  16 demonic crawlers
  A redback zombie (D:13)
  2 kobold demonologists (D:12)
  18 yaktaurs (Vaults:1)
  12 ice devils
  A troll (shapeshifter) (D:13)
  5 wind drakes
  14 jumping spiders
  11 trolls
  A polar bear (Lair:4)
  52 merfolk
  16 tyrant leeches
  A merfolk (shapeshifter) (D:15)
  13 hornets
  9 hippogriffs
  A hornet (shapeshifter) (D:15)
  Prince Ribbit (D:9)
  24 blink frogs
  A harpy skeleton (D:14)
  23 slime creatures
  13 dream sheep
  2 hippogriffs (shapeshifter) (Vaults:1)
  10 snapping turtles
  2 human simulacra (Vaults:1)
  59 redbacks
  2 shadows
  4 water elementals
  A yak (shapeshifter) (Vaults:1)
  A vampire (D:11)
  3 wyverns
  5 hogs (D:14)
  A basilisk (D:9)
  35 yaks
  25 tarantellas
  A steam dragon (D:9)
  5 hungry ghosts
  3 wraiths
  6 vampire mosquitoes
  A harpy simulacrum (Vaults:1)
  3 swamp worms (Spider:2)
  6 acid dragons
  4 wargs
  23 soldier ants (Lair:6)
  10 water moccasins
  10 porcupines
  A floating eye (shapeshifter) (D:15)
  48 orc warriors
  3 sky beasts
  An eye of draining (shapeshifter) (D:15)
  4 black bears
  5 ice beasts
  3 phantoms
  18 ogres
  4 wolves (Lair:5)
  29 centaurs
  16 crocodiles
  9 big kobolds
  Blork the orc (D:4)
  27 bullfrogs
  2 wyvern zombies
  A gnoll sergeant (D:8)
  A wyvern skeleton (D:13)
  4 scorpions
  14 killer bees
  2 troll zombies (D:12)
  19 wights
  2 howler monkeys
  8 crimson imps
  5 bullfrog zombies
  8 hounds
  3 quasits
  3 centaur zombies
  18 orc priests
  6 bullfrog skeletons
  9 jellies
  26 orc wizards
  4 centaur skeletons
  2 gnoll shamans
  6 iguanas
  32 worker ants
  6 ogre zombies (D:12)
  2 hound zombies
  A hound skeleton (D:5)
  26 gnolls
  A howler monkey skeleton (D:7)
  A river rat (Sewer)
  13 adders
  3 shadow imps
  8 white imps (IceCv)
  7 ufetubi (IceCv)
  An ooze (D:5)
  An adder zombie (D:7)
  2 adder skeletons
  3 worms
  5 dart slugs
  3 leopard geckos
  101 orcs
  7 giant cockroaches
  25 goblins
  21 hobgoblins
  15 jackals
  4 quokkas
  7 bats
  5 frilled lizards
  2 gnoll zombies (D:5)
  A goblin skeleton (D:12)
  4 goblin zombies (D:12)
  4 hobgoblin zombies (D:12)
  A jackal skeleton (D:7)
  24 kobolds
  A leopard gecko skeleton (D:8)
  3 orc skeletons (D:12)
  13 orc zombies (D:12)
  A quokka skeleton (D:7)
  10 rats
  8 fungi
  34 plants
  2 tentacles (Shoals:2)
1538 creatures vanquished.

Vanquished Creatures (collateral kills)
  An ugly thing (D:12)
1 creature vanquished.

Vanquished Creatures (others)
  Ilsuiw (Shoals:4)
  A wolf spider (Spider:4)
  A vampire (D:13)
  An orc wizard (D:13)
  2 white imps (IceCv)
  2 ufetubi (IceCv)
  2 orcs
  2 bushes (Lair:6)
  12 fungi
  44 plants
  6 tentacles (Shoals:2)
74 creatures vanquished.

Grand Total: 1613 creatures vanquished

Notes
Turn   | Place    | Note
-------+----------+-------------------------------------------
     0 | D:1      | Allar the Minotaur Fighter began the quest for the Orb.
     0 | D:1      | Reached XP level 1. HP: 19/19 MP: 0/0
   194 | D:1      | Reached XP level 2. HP: 27/27 MP: 1/1
   454 | D:1      | Reached skill level 4 in Fighting
  1289 | D:2      | Reached XP level 3. HP: 33/33 MP: 2/2
  1425 | D:2      | Found a sparkling altar of Nemelex Xobeh.
  1499 | D:2      | Found a shimmering blue altar of Sif Muna.
  1499 | D:2      | Found a white marble altar of Elyvilon.
  1661 | D:2      | Found a shattered altar of Ashenzari.
  1889 | D:3      | Reached XP level 4. HP: 35/41 MP: 3/3
  2217 | D:3      | Found a hide-covered altar of Uskayaw.
  2240 | D:3      | Became a worshipper of Uskayaw the Reveler
  2453 | D:3      | Reached * piety under Uskayaw
  2558 | D:3      | Reached skill level 5 in Axes
  2560 | D:3      | Reached ** piety under Uskayaw
  2690 | D:3      | Reached XP level 5. HP: 47/47 MP: 0/4
  2692 | D:3      | Reached skill level 1 in Invocations
  3050 | D:4      | Reached skill level 5 in Fighting
  3091 | D:4      | Found a glowing drain.
  3102 | Sewer    | Entered a sewer
  3262 | Sewer    | Reached XP level 6. HP: 39/56 MP: 3/6
  3378 | Sewer    | Found a glowing silver altar of Zin.
  3477 | D:4      | Reached *** piety under Uskayaw
  4015 | D:4      | Found Fani's General Store.
  4040 | D:4      | Noticed Blork the orc
  4047 | D:4      | Killed Blork the orc
  4047 | D:4      | Reached XP level 7. HP: 54/62 MP: 7/7
  4441 | D:5      | Entered Level 5 of the Dungeon
  4694 | D:5      | Reached skill level 5 in Shields
  4770 | D:5      | Reached skill level 6 in Fighting
  4835 | D:5      | Found a basalt altar of Yredelemnul.
  4992 | D:5      | Reached **** piety under Uskayaw
  5285 | D:6      | Found a staircase to the Ecumenical Temple.
  5295 | D:6      | Reached XP level 8. HP: 57/71 MP: 9/9
  5302 | Temple   | Entered the Ecumenical Temple
  5670 | D:6      | Reached skill level 7 in Fighting
  5683 | D:6      | Found Fackunla's General Store.
  5695 | D:6      | Bought a scroll of identify for 26 gold pieces
  5695 | D:6      | Bought a scroll of identify for 26 gold pieces
  5825 | D:6      | Found a shimmering altar of Xom.
  6425 | D:6      | Got a shimmering whip
  6511 | D:6      | Identified the +9 whip of the Tiger {slash, rElec} (You
                  | found it on level 6 of the Dungeon)
  6575 | D:7      | Found an ancient bone altar of Kikubaaqudgha.
  6583 | D:7      | Found a sacrificial altar of Ru.
  6584 | D:7      | Found a shattered altar of Ashenzari.
  6757 | D:7      | Noticed a purple ugly thing
  6952 | D:6      | Killed a purple ugly thing
  6952 | D:6      | Reached skill level 10 in Axes
  6952 | D:6      | Reached skill level 5 in Invocations
  6952 | D:6      | Reached XP level 9. HP: 45/81 MP: 11/11
  7110 | D:6      | Reached skill level 8 in Fighting
  7690 | D:7      | Reached skill level 9 in Fighting
  8044 | D:7      | Identified the +6 hand crossbow of Gloom {flame, rF+}
  8166 | D:7      | Upgraded the game from 0.25-a0-42-g6c54e25894 to
                  | 0.25-a0-44-g29a1220a87
  8264 | D:7      | Reached skill level 10 in Fighting
  8480 | D:8      | Reached XP level 10. HP: 93/93 MP: 14/14
  8715 | D:8      | Found a bloodstained altar of Trog.
  9758 | D:9      | Found Ylocelunn's Assorted Antiques.
  9770 | D:9      | Bought a scroll of identify for 40 gold pieces
  9770 | D:9      | Bought a scroll of identify for 40 gold pieces
  9770 | D:9      | Bought a faintly glowing pewter ring for 100 gold pieces
  9770 | D:9      | Identified the ring "Oppempal" {rElec rPois rN+ MR+ Int-4}
                  | (You bought it in a shop on level 9 of the Dungeon)
  9840 | D:9      | Reached ***** piety under Uskayaw
  9885 | D:9      | Reached ****** piety under Uskayaw
 10138 | D:9      | Found Qares's Weapon Boutique.
 10298 | D:9      | Reached skill level 11 in Fighting
 10511 | D:9      | Reached skill level 5 in Armour
 10785 | D:9      | Found a staircase to the Lair.
 10917 | D:9      | Noticed Prince Ribbit
 10930 | D:9      | Killed Prince Ribbit
 10949 | D:9      | Found a hazy altar of Hepliaklqana.
 10955 | D:9      | Found Ylaroet's General Store.
 10970 | D:9      | Bought a scroll of identify for 20 gold pieces
 11031 | D:9      | Reached XP level 11. HP: 102/102 MP: 16/16
 11079 | D:9      | Noticed a three-headed hydra
 11091 | D:9      | Killed a one-headed hydra
 11202 | D:9      | Found a shimmering altar of Xom.
 11275 | D:10     | Entered Level 10 of the Dungeon
 12620 | D:11     | Noticed a two-headed ogre
 12641 | D:11     | Killed a two-headed ogre
 12933 | D:11     | Reached skill level 12 in Fighting
 13284 | D:11     | Noticed Sonja
 13291 | D:11     | Noticed Sonja
 13291 | D:11     | Sonja changed into Sonja the big kobold
 13294 | D:11     | Noticed Sonja
 13294 | D:11     | Sonja the big kobold changed into Sonja the centaur
 13303 | D:11     | Killed Sonja the centaur
 13368 | D:11     | Found Reis's Antique Weapon Shoppe.
 13612 | D:11     | Got a heavily runed leather armour
 14011 | D:11     | Noticed an unseen horror
 14014 | D:11     | Killed an unseen horror
 14123 | D:12     | Noticed a deep elf mage
 14138 | D:12     | Killed a deep elf mage
 14138 | D:12     | Reached skill level 10 in Invocations
 14138 | D:12     | Reached XP level 12. HP: 94/113 MP: 18/18
 14140 | D:12     | Noticed a six-headed hydra
 14147 | D:12     | Killed a one-headed hydra
 14147 | D:12     | Reached skill level 10 in Shields
 15295 | D:12     | Noticed a five-headed hydra
 15309 | D:12     | Killed a one-headed hydra
 15356 | D:12     | Reached skill level 13 in Fighting
 15356 | D:12     | Found a staircase to the Orcish Mines.
 16002 | Lair:1   | Entered Level 1 of the Lair of Beasts
 17193 | Lair:2   | Found a staircase to the Shoals.
 18126 | Lair:2   | Reached skill level 1 in Evocations
 18196 | Lair:3   | Identified the cursed +0 leather armour of Kuig {MR+ Dex+2}
                  | (You found it on level 11 of the Dungeon)
 18212 | Lair:3   | Found a frozen archway.
 18238 | IceCv    | Entered an ice cave
 19166 | IceCv    | Noticed a reaper
 19185 | IceCv    | Killed a reaper
 19185 | IceCv    | Reached XP level 13. HP: 51/123 MP: 19/19
 19767 | IceCv    | Reached skill level 14 in Fighting
 20018 | Lair:3   | Found a hole to the Spider Nest.
 22194 | Lair:5   | Reached skill level 1 in Throwing
 22998 | Lair:5   | Identified Mowkimek's Compendium of the Escort and
                  | Confrontation
 23235 | Lair:6   | Entered Level 6 of the Lair of Beasts
 23655 | Lair:6   | Reached XP level 14. HP: 113/133 MP: 21/21
 23846 | Lair:6   | Reached skill level 1 in Dodging
 24087 | Lair:6   | Reached skill level 5 in Throwing
 24087 | Lair:6   | Reached skill level 5 in Evocations
 24520 | Lair:6   | Noticed an entropy weaver
 24531 | Lair:6   | Killed an entropy weaver
 24548 | Lair:6   | Noticed an entropy weaver
 24594 | Lair:6   | Reached skill level 15 in Fighting
 24599 | Lair:6   | Killed an entropy weaver
 24991 | Lair:6   | Found a staircase to the Slime Pits.
 26451 | Orc:1    | Entered Level 1 of the Orcish Mines
 26451 | Orc:1    | Found Qailaah's Antique Armour Shoppe.
 26451 | Orc:1    | Noticed Erica
 26464 | Orc:1    | Killed Erica
 26576 | Orc:1    | Found a flagged portal.
 26586 | Bailey   | Entered a bailey
 26887 | Bailey   | Noticed an orc warlord
 26902 | Bailey   | Killed an orc warlord
 26952 | Bailey   | Identified a scroll of acquirement
 26988 | Bailey   | Reached skill level 5 in Dodging
 26988 | Bailey   | Reached XP level 15. HP: 141/141 MP: 22/22
 27353 | Orc:1    | Noticed an orc warlord
 27381 | Orc:1    | Killed an orc warlord
 27939 | Orc:2    | Entered Level 2 of the Orcish Mines
 27946 | Orc:2    | Noticed an orc warlord
 27982 | Orc:1    | Killed an orc warlord
 28134 | Orc:2    | Found a staircase to the Elven Halls.
 28297 | Orc:2    | Reached XP level 16. HP: 143/150 MP: 23/23
 28500 | Orc:2    | Found Porreets's Antique Weapon Shoppe.
 28707 | Orc:2    | Found Meddooja's General Store.
 28963 | Orc:2    | Found Homorr's Antique Armour Emporium.
 29225 | Orc:2    | Found Redwaob Dukh's Jewellery Shoppe.
 29383 | Orc:2    | Found Faegaa's Distillery.
 29451 | Orc:2    | Bought a runed broad axe for 238 gold pieces
 30007 | D:13     | Reached skill level 16 in Fighting
 30387 | D:13     | Found a gate to the Vaults.
 30416 | D:13     | Found Piaboung's Assorted Antiques.
 31069 | D:14     | Noticed Roxanne
 31685 | D:14     | Killed Roxanne
 32201 | D:14     | Noticed Kirke
 32211 | D:14     | Killed Kirke
 32325 | D:14     | Reached skill level 15 in Axes
 32653 | D:15     | Entered Level 15 of the Dungeon
 32666 | D:15     | Found Namam's Weapon Shoppe.
 32824 | D:15     | Identified the +10 trident of Conformity {antimagic, Dex+3}
 32890 | D:15     | Found a large runed translucent door.
 32891 | D:15     | Found a large runed translucent door.
 33482 | D:15     | Found a staircase to the Depths.
 33695 | D:15     | Found a blossoming altar of Fedhas.
 33991 | D:15     | Found a shadowy altar of Dithmenos.
 34103 | D:15     | Found a glowing golden altar of the Shining One.
 34347 | Spider:1 | Entered Level 1 of the Spider Nest
 34453 | Spider:1 | Reached skill level 15 in Shields
 35279 | Spider:1 | Reached XP level 17. HP: 160/160 MP: 24/24
 35967 | Spider:2 | Reached skill level 17 in Fighting
 36332 | Spider:2 | Reached skill level 10 in Throwing
 37789 | Spider:4 | Entered Level 4 of the Spider Nest
 38472 | Spider:4 | Got a fine hunting sling
 38473 | Spider:4 | Identified the cursed +0 hunting sling of Gallantry {venom,
                  | +Inv MP+9} (You found it on level 4 of the Spider Nest)
 40353 | Spider:4 | Reached skill level 18 in Fighting
 41050 | Spider:4 | Got a gossamer rune of Zot
 41233 | Spider:4 | Reached XP level 18. HP: 163/172 MP: 25/25
 41512 | D:9      | Bought a scroll of blinking for 75 gold pieces
 41677 | Shoals:1 | Entered Level 1 of the Shoals
 41878 | Shoals:1 | Found Abealuby's Assorted Antiques.
 42382 | Shoals:1 | Reached skill level 10 in Armour
 43792 | Shoals:2 | Got a faintly glowing pewter ring
 43798 | Shoals:2 | Identified the ring "Beatasox" {+Fly rF- Int-5 Dex+8} (You
                  | found it on level 2 of the Shoals)
 43933 | Shoals:2 | Reached skill level 19 in Fighting
 44292 | Shoals:3 | Noticed Nikola
 44320 | Shoals:2 | Killed Nikola
 45580 | Shoals:4 | Entered Level 4 of the Shoals
 45885 | Shoals:4 | Found Jebois's Antique Armour Emporium.
 45910 | Shoals:4 | Bought a pitted plate armour for 784 gold pieces
 45924 | Shoals:4 | Identified the cursed +0 plate armour of the Sunfish {rF-
                  | Str+7} (You bought it in a shop on level 4 of the Shoals)
 45928 | Shoals:4 | Noticed Ilsuiw
 45948 | Shoals:4 | Killed Ilsuiw
 46229 | Shoals:4 | Reached XP level 19. HP: 178/184 MP: 26/26
 48297 | Shoals:4 | Reached skill level 20 in Fighting
 48685 | Shoals:4 | Got a barnacled rune of Zot
 49680 | Vaults:1 | Entered Level 1 of the Vaults
 49958 | Vaults:1 | You fall into a shaft and drop 1 floor!
 50528 | Vaults:1 | Found Qeum's General Store.
 50889 | Vaults:1 | Reached skill level 10 in Evocations
 51622 | Vaults:2 | Annihilated by a tengu reaver

Levels and vault maps discovered:
D:1:      wheals_arrival_linesprint, layout_basic
D:2:      layout_rooms, lemuel_doored_altar,
          chequers_temple_overflow_statue_of_worship,
          nicolae_ashenzari_panopticon
D:3:      layout_loops_corners, eat_drink_and_be_merry_uskayaw
D:4:      layout_basic, serial_shops, kennysheep_little_box, first_ration,
          portal_sewer_entry_d, uniq_blork_the_orc
D:5:      layout_loops_ring, lemuel_zombie_altar_yredelemnul
D:6:      layout_rooms, minmay_temple_entry_sparse_star, serial_shops,
          nicolae_shop_temple_entry_statues_fountains, basic_altar,
          chequers_avenue, grunt_ministairs_14
D:7:      minmay_the_grid_octo_2x2 [minmay_the_grid_octo_horde,
          minmay_the_grid_octo_checkered, minmay_the_grid_octo_thin_diamonds,
          minmay_the_grid_octo_prize_ultimate_mussel_roller],
          layout_loops_cross, grunt_temple_overflow_open
D:8:      layout_loops_ring, old_standard_altar
D:9:      layout_rooms, kennysheep_mini_moat, lemuel_coloured_pillars_altar,
          erik_lair_dragon, serial_shops, nicolae_shop_waterfront,
          kennysheep_mini, nicolae_shop_overgrown_old_shop, hangedman_ranch
          [blue_anna_fruit_fields], uniq_prince_ribbit1
D:10:     layout_stronghold, kennysheep_small_square
D:11:     layout_layer_cave, serial_shops, nicolae_shop_overgrown_old_shop,
          uniq_sonja
D:12:     layout_basic, zombieorc2_lemuel
D:13:     layout_roguey, hangedman_vaults_entry_quadrant_bands, serial_shops,
          shop_statue, nrook_mini_vaults
D:14:     layout_roguey, kennysheep_big_empty_room, uniq_kirke, uniq_roxanne
D:15:     gammafunk_enter_depths_forms, layout_basic, fedhas_altar_fruit_tree,
          serial_shops, nicolae_shop_competitors_out_of_business,
          jmf_multi_god_temple2
Temple:   kb_corrupted_temple
Lair:1:   layout_cave_pods
Lair:2:   layout_roguey, elwin_shoals_entry_rocks, minmay_lair_oklob_chamber,
          infiniplex_staircase_pool
Lair:3:   wad_woods_structure_01, layout_gridlike, dummy_spider_entry,
          serial_rivers, chequers_serial_rivers_small_3,
          chequers_serial_rivers_micro_d, chequers_serial_rivers_micro_e,
          chequers_serial_rivers_small_b, chequers_serial_rivers_small_a,
          portal_ice_cave_demonic_guard, beast_lair_carwin_11
Lair:4:   layout_gridlike, grunt_megastairs_2, lemuel_fruit_tree
Lair:5:   layout_cave_pods
Lair:6:   minmay_lair_end_frog_pond, layout_hall_layers,
          minmay_slime_entry_pillars, grunt_forest_small_clearings, zaba_anthell
Shoals:1: layout_shoals, serial_shops, nicolae_shop_overgrown_old_shop,
          nicolae_shoals_wave_tunnel
Shoals:2: layout_shoals, nicolae_shoals_so_close
Shoals:3: layout_shoals, centaur_isle, uniq_nikola
Shoals:4: shoals_end_grunt_ice, layout_shoals, shoals_ilsuiw_alternative,
          serial_shops, nicolae_shop_crystal, overgrown_tower
Spider:1: layout_spider_delve, hangedman_spider_tarantella_strand
Spider:2: layout_spider_delve, worms_lemuel
Spider:3: layout_spider_delve
Spider:4: guppyfry_spider_rune, drop_trap, spiders_nest_the_unseen,
          nicolae_spider_cling_ruins
Orc:1:    layout_caves, serial_shops,
          nicolae_shop_temple_entry_statues_fountains, enter_bailey_2,
          uniq_erica
Orc:2:    grunt_orc_gardens, layout_diamond_mine, grunt_orc_garden,
          grunt_orc_garden, grunt_orc_garden, grunt_orc_garden, serial_shops,
          nicolae_shop_behind_doors, nicolae_orc_rockfall
Vaults:1: ontoclasm_vaults_ligature, nicolae_vaults_little_squares_5,
          vaults_mumra_minichess, v_misc_22, nicolae_vaults_murderbox,
          hangedman_vaults_stitches, vaults_room_door_hall, v_misc_8,
          hangedman_vaults_unwind, v_misc_28, grunt_vaults_bifocal,
          nicolae_vaults_what_the_h, layout_vaults_maze_snakey, serial_shops,
          nicolae_shop_statue_plus
Vaults:2: v_misc_31, kb_rosetta, minmay_crypt_entry_nasty_monster,
          dpeg_vaults_monster_row, nicolae_vaults_network_quincunx
          [nicolae_vaults_network_quincunx_subvault,
          nicolae_vaults_network_quincunx_subvault,
          nicolae_vaults_network_quincunx_subvault,
          nicolae_vaults_network_quincunx_subvault,
          nicolae_vaults_network_quincunx_subvault], v_misc_4,
          hangedman_vaults_nails, v_misc_5, vaults_dpeg_encased_lava,
          layout_vaults_omnicross, serial_shops, shop_fountains

Skill      XL: |  1  2  3  4  5  6  7  8  9 10 11 12 13 14 15 16 17 18 19 |
---------------+----------------------------------------------------------+-----
Axes           | 3 4 5 6 7 10 11 12 13 14 15 16 | 16.5
Fighting       | 4 5 6 7 10 11 12 13 14 15 16 18 19 20 | 20.4
Invocations    | 1 2 3 5 7 8 10 11 | 11.0
Shields        | 4 5 6 7 9 11 12 13 14 15 16 18 19 | 19.1
Armour         | 5 6 8 9 10 | 10.5
Evocations     | 2 4 6 8 10 | 10.1
Throwing       | 4 8 9 11 12 | 12.8
Dodging        | 5 8 |  8.0

Action                   |  1- 3 |  4- 6 |  7- 9 | 10-12 | 13-15 | 16-18 | 19-21 || total
-------------------------+-------+-------+-------+-------+-------+-------+-------++-------
Melee: War axe           |    92 |   127 |   197 |       |       |  1764 |   440 ||  2620
       Headbutt          |    11 |    20 |    56 |   212 |   302 |   435 |   117 ||  1153
       Whip              |       |       |   124 |    46 |       |       |       ||   170
       Hand axe          |       |       |       |   957 |  1204 |    83 |       ||  2244
Throw: Stone             |    13 |       |       |       |       |       |       ||    13
       Dart              |     1 |    12 |    17 |     5 |     9 |     9 |       ||    53
       Boomerang         |       |       |    15 |     9 |    23 |   270 |    82 ||   399
       Javelin           |       |       |       |       |     8 |       |       ||     8
       Throwing net      |       |       |       |       |       |       |     2 ||     2
Invok: Stomp             |       |     3 |     2 |     3 |     5 |     5 |     1 ||    19
       Line Pass         |       |       |       |     1 |       |     3 |     2 ||     6
       Grand Finale      |       |       |       |     2 |     4 |     2 |     1 ||     9
Evoke: Wand              |       |       |       |     6 |    15 |    20 |     8 ||    49
       Sack of spiders   |       |       |       |     1 |       |       |     1 ||     2
       Lightning rod     |       |       |       |       |       |     3 |     8 ||    11
       Fan of gales      |       |       |       |       |       |     1 |       ||     1
       Lamp of fire      |       |       |       |       |       |       |     1 ||     1
  Use: Scroll            |       |     8 |     5 |    16 |     9 |    10 |     7 ||    55
       Potion            |       |     1 |       |       |     4 |     4 |     1 ||    10
 Stab: Paralysed         |       |       |     9 |    88 |   106 |   224 |    88 ||   515
       Confused          |       |       |       |       |     2 |       |     3 ||     5
       Held in net/web   |       |       |       |       |       |       |     1 ||     1
  Eat: Chunk             |     3 |     8 |    11 |    28 |    36 |    50 |    10 ||   146
       Ration            |       |       |     1 |     4 |     2 |     1 |     2 ||    10
Armor: Scale mail        |    33 |    34 |   114 |    47 |       |       |       ||   228
       Plate armour      |       |       |       |   262 |   249 |   766 |    56 ||  1333
       Gold dragon scale |       |       |       |       |       |       |    60 ||    60
       Skin              |       |       |       |       |       |       |     1 ||     1
Dodge: Dodged            |    25 |    39 |    63 |    87 |    50 |   425 |    57 ||   746
Block: Shield            |    39 |    72 |   149 |   124 |       |       |       ||   384
       Large shield      |       |       |       |   422 |   584 |  1818 |   344 ||  3168

Table legend:
 A = Non-vault XP
 B = Vault XP
 C = Vault XP percentage of total XP
 D = Non-vault monster count
 E = Vault monster count
 F = Vault count percentage of total count
                 A         B        C        D         E       F
            +---------+---------+-------+---------+---------+-------
      Total |  242697 |  167704 |  40.9 |     961 |     537 |  35.8
            +---------+---------+-------+---------+---------+-------
        D:1 |      31 |       0 |   0.0 |      17 |       0 |   0.0
        D:2 |      60 |       0 |   0.0 |      23 |       0 |   0.0
        D:3 |     126 |       0 |   0.0 |      30 |       0 |   0.0
        D:4 |     460 |     109 |  19.2 |      21 |       2 |   8.7
        D:5 |     490 |       3 |   0.6 |      20 |       2 |   9.1
        D:6 |    1271 |     709 |  35.8 |      21 |       4 |  16.0
        D:7 |    1359 |     756 |  35.7 |      17 |      16 |  48.5
        D:8 |    1525 |       0 |   0.0 |      36 |       0 |   0.0
        D:9 |    2180 |    3494 |  61.6 |      37 |      15 |  28.8
       D:10 |    2279 |       0 |   0.0 |      30 |       0 |   0.0
       D:11 |    6839 |     115 |   1.7 |      51 |       1 |   1.9
       D:12 |    7020 |     589 |   7.7 |      53 |      36 |  40.4
       D:13 |    6439 |    7861 |  55.0 |      41 |      17 |  29.3
       D:14 |    8348 |    5034 |  37.6 |      31 |       7 |  18.4
       D:15 |    5253 |    8047 |  60.5 |      22 |      19 |  46.3
     Lair:1 |    1814 |       0 |   0.0 |       8 |       0 |   0.0
     Lair:2 |    1558 |    3249 |  67.6 |       6 |       7 |  53.8
     Lair:3 |    2438 |    3044 |  55.5 |      12 |      13 |  52.0
     Lair:4 |    5762 |       0 |   0.0 |      19 |       0 |   0.0
     Lair:5 |    8368 |    1424 |  14.5 |      26 |       4 |  13.3
     Lair:6 |    8982 |   20571 |  69.6 |      35 |      97 |  73.5
   Shoals:1 |   17091 |    2350 |  12.1 |      36 |       8 |  18.2
   Shoals:2 |   25665 |    4250 |  14.2 |      46 |       2 |   4.2
   Shoals:3 |   13887 |    1461 |   9.5 |      25 |       6 |  19.4
   Shoals:4 |   21024 |   23454 |  52.7 |      42 |      37 |  46.8
   Spider:1 |   16974 |     188 |   1.1 |      47 |       1 |   2.1
   Spider:2 |   11857 |    5804 |  32.9 |      34 |      19 |  35.8
   Spider:3 |    8913 |    3260 |  26.8 |      19 |       7 |  26.9
   Spider:4 |   15067 |   24651 |  62.1 |      40 |      34 |  45.9
      Orc:1 |    5534 |    3946 |  41.6 |      43 |       4 |   8.5
      Orc:2 |    3987 |    8252 |  67.4 |      23 |      24 |  51.1
   Vaults:1 |   28913 |   24006 |  45.4 |      47 |      42 |  47.2
   Vaults:2 |    1183 |    1762 |  59.8 |       3 |       4 |  57.1
      Sewer |       0 |     127 | 100.0 |       0 |      12 | 100.0
     Bailey |       0 |    3746 | 100.0 |       0 |      69 | 100.0
      IceCv |       0 |    5442 | 100.0 |       0 |      28 | 100.0
            +---------+---------+-------+---------+---------+-------
